 Dungeon Crawl Stone Soup version 0.28.0-45-g0d030f2227 (webtiles) character file.

Game seed: 12494234174619767305

85 Peloso the Skirmisher (level 4, -7/41 HPs)
             Began as a Minotaur Fighter on Apr 3, 2022.
             Killed from afar by an acid dragon (26 damage)
             ... with a splash of acid
             ... on level 3 of the Dungeon.
             The game lasted 00:03:00 (1729 turns).

Peloso the Skirmisher (Minotaur Fighter)            Turns: 1729, Time: 00:03:00

Health: -7/41      AC:  3    Str: 20    XL:     4   Next: 25%
Magic:  3/3        EV:  9    Int:  5    God:
Gold:   92         SH:  5    Dex: 12    Spells: 3/3 levels left

rFire   . . .      SeeInvis .   a - +1 falchion (vorpal)
rCold   . . .      Faith    .   c - +0 buckler
rNeg    . . .      Spirit   .   b - +0 scale mail
rPois   .          Reflect  .   (helmet restricted)
rElec   .          Harm     .   (no cloak)
rCorr   .          Rampage  .   (no gloves)
Will    .....                   (no boots)
Stlth   ..........              (no amulet)
HPRegen 0.13/turn               (no ring)
MPRegen 0.08/turn               (no ring)

@: corroded
A: horns 2, retaliatory headbutt
a: no special abilities


You were on level 3 of the Dungeon.
You visited 1 branch of the dungeon, and saw 4 of its levels.

You collected 92 gold pieces.

Inventory:

Hand Weapons
 a - a +1 vorpal falchion (weapon)
Armour
 b - a +0 scale mail (worn)
 c - a +0 buckler (worn)
Scrolls
 e - a scroll of immolation
 f - 2 scrolls of identify {unknown}
 g - a scroll of enchant weapon {unknown}
 l - a scroll of magic mapping {unknown}
Potions
 d - a potion of might
 h - a potion of attraction {unknown}
 i - 2 potions of flight {unknown}
 j - a potion of lignification {unknown}
 k - a potion of magic {unknown}


   Skills:
 + Level 4.4 Fighting
 + Level 3.2 Long Blades
 + Level 4.3 Armour
 + Level 1.2 Dodging
 + Level 4.1 Shields


You had 3 spell levels left.
You didn't know any spells.
Your spell library contained the following spells:

 Spells                   Type           Power      Damage    Failure   Level
 Slow                     Hex            0%         N/A       88%         1
 Call Canine Familiar     Summ           0%         N/A       99%         3
 Confusing Touch          Hex            0%         N/A       99%         3
 Portal Projectile        Hex/Tloc       0%         N/A       99%         3
 Vampiric Draining        Necr           0%         2d6       99%         3
 Leda's Liquefaction      Hex/Erth       0%         N/A       100%        4


Dungeon Overview and Level Annotations

Branches:
Dungeon (4/15)
 Temple: D:4-7

Altars:

Annotations:
D:2 Sigmund


Innate Abilities, Weirdness & Mutations

You have a pair of horns on your head.
You reflexively headbutt those who attack you in melee.


Message History

You see here a +1 vorpal falchion.
a - a +1 vorpal falchion
a - a +1 vorpal falchion (weapon)
Done exploring.
Done exploring.
Done exploring.
(D) Dungeon
Where to? (Enter - D:3 @ (x,y), ? - help)
What level of the Dungeon? (default 1, ? - help)
You see here a +0 club.
There is a stone staircase leading up here.
There is a stone staircase leading down here.
You climb downwards.
The acid dragon roars!
Found a stone staircase leading down.
There is a stone staircase leading up here.
There are monsters nearby!
The acid dragon bites you but does no damage.
The acid dragon claws you.
You climb upwards.
There is a stone staircase leading down here.
Unknown command.
You hit the acid dragon but do no damage.
Your headbutt misses the acid dragon. The acid dragon closely misses you.
You block the acid dragon's attack.
You hit the acid dragon.
The acid dragon is lightly wounded.
The acid dragon closely misses you. The acid dragon barely misses you.
You closely miss the acid dragon.
The acid dragon is lightly wounded.
The acid dragon spits acid at you. The splash of acid hits you!!
Ouch! That really hurt!
The acid corrodes you!
You hit the acid dragon.
The acid dragon is heavily wounded.
The acid dragon spits acid at you. The splash of acid hits you!!
Ouch! That really hurt!
You die...

####### #.....#
#.###.######## #.#
#....@...## #####
#.###...D.....######...#
#.......####...........#
###...)## ##.######...#
####.######.#######.####
#.........†..†.......
#.############...###.
#.# #.#.# #. #.# #.#.#
#.


You could see an acid dragon (catching breath).

Vanquished Creatures
  3 adders
  A dart slug (D:3)
  An orc (D:3)
  5 ball pythons
  3 endoplasms
  2 giant cockroaches (D:2)
  6 goblins
  7 hobgoblins
  3 jackals (D:3)
  2 quokkas
  8 bats
  4 frilled lizards
  4 kobolds
  4 rats
53 creatures vanquished.

Notes
Turn   | Place    | Note
-------+----------+-------------------------------------------
     0 | D:1      | Peloso the Minotaur Fighter began the quest for the Orb.
     0 | D:1      | Reached XP level 1. HP: 19/19 MP: 0/0
    71 | D:1      | Found a faded altar of an unknown god.
   141 | D:1      | Reached XP level 2. HP: 22/27 MP: 1/1
   692 | D:2      | Reached XP level 3. HP: 31/33 MP: 2/2
   729 | D:2      | Noticed Sigmund
   815 | D:2      | Reached skill level 1 in Dodging
  1147 | D:3      | Reached XP level 4. HP: 40/40 MP: 3/3
  1723 | D:4      | Noticed an acid dragon
  1723 | D:4      | Noticed a scorpion
  1729 | D:3      | Killed from afar by an acid dragon

Illustrated notes

Levels and vault maps discovered:
D:1:      heliophobic_arrival_enchanted_forest, layout_basic,
          hellmonk_ecumenical_altar_blasted
D:2:      layout_loops_cross, uniq_sigmund
D:3:      layout_loops_ring
D:4:      layout_loops_ring, marbit_many_paths, ebering_ghost_sewer_d,
          patterned_corridor, uniq_crazy_yiuf_cottage, uniq_menkaure

Skill      XL: |  1  2  3 |
---------------+----------+-----
Fighting       | 4 |  4.4
Armour         | 4 |  4.3
Dodging        | 1 |  1.2
Shields        | 4 |  4.1
Long Blades    | 3 |  3.2

Action                   |  1- 3 |  4- 6 || total
-------------------------+-------+-------++-------
Melee: Long sword        |    95 |    14 ||   109
       Headbutt          |     8 |     3 ||    11
       Falchion          |       |     4 ||     4
Armor: Scale mail        |    65 |     4 ||    69
Dodge: Dodged            |    65 |     8 ||    73
Block: Buckler           |    34 |     7 ||    41
